 Dungeon Crawl Stone Soup version 0.28.0-47-ge53b351184 (webtiles) character file.

Game seed: 1976383501911090801

70 nickcage the Gusty (level 4, 0/24 HPs)
             Began as a Deep Elf Air Elementalist on May 10, 2022.
             Killed from afar by Natasha (11 damage)
             ... with a magic dart
             ... on level 2 of the Dungeon.
             The game lasted 00:04:33 (1370 turns).

nickcage the Gusty (Deep Elf Air Elementalist)      Turns: 1370, Time: 00:04:33

Health: 0/24       AC:  4    Str:  5    XL:     4   Next: 3%
Magic:  1/10       EV: 12    Int: 22    God:
Gold:   41         SH:  0    Dex: 15    Spells: 6/9 levels left

rFire   . . .      SeeInvis .   b - +0 dagger
rCold   . . .      Faith    .   (no shield)
rNeg    . . .      Spirit   .   a - +0 robe
rPois   .          Reflect  .   (no helmet)
rElec   .          Harm     .   (no cloak)
rCorr   .          Rampage  .   (no gloves)
Will    .....                   i - +1 pair of boots
Stlth   ++........              (no amulet)
HPRegen 0.08/turn               (no ring)
MPRegen 0.12/turn               (no ring)

@: no status effects
A: no striking features
a: no special abilities


You were on level 2 of the Dungeon.
You visited 1 branch of the dungeon, and saw 2 of its levels.

You collected 41 gold pieces.

Inventory:

Hand Weapons
 b - a +0 dagger (weapon)
Missiles
 j - a throwing net
Armour
 a - a +0 robe (worn)
 i - a +1 pair of boots (worn)
Jewellery
 d - a +4 ring of protection
Scrolls
 c - 2 scrolls of brand weapon {unknown}
 e - a scroll of fog {unknown}
 f - 2 scrolls of identify {unknown}
 g - a scroll of magic mapping {unknown}
 h - 2 scrolls of vulnerability {unknown}


   Skills:
 - Level 2.4 Dodging
 - Level 2.4 Stealth
 - Level 3.0 Spellcasting
 - Level 1.1 Conjurations
 * Level 4.9 Air Magic


You had 6 spell levels left.
You knew the following spells:

 Your Spells              Type           Power      Damage    Failure   Level
a - Shock                 Conj/Air       64%        1d7       3%          1
b - Static Discharge      Conj/Air       16%        N/A       5%          2

Your spell library contained the following spells:

 Spells                   Type           Power      Damage    Failure   Level
 Swiftness                Air            25%        N/A       4%          3
 Corpse Rot               Necr/Air       28%        N/A       7%          2
 Magic Dart               Conj           32%        1d4       8%          1
 Searing Ray              Conj           16%        2d5       12%         2
 Airstrike                Air            12%        N/A       16%         4
 Fulminant Prism          Conj/Hex       2%         3d6       69%         4
 Dispel Undead            Necr           3%         3d7       77%         4
 Death Channel            Necr           1%         N/A       100%        6


Dungeon Overview and Level Annotations

Branches:
Dungeon (2/15)

Altars:

Annotations:
D:2 Natasha


Message History

Natasha is heavily wounded.
The zap misses Natasha.
Natasha casts a spell at you. You resist with some effort.
The zap hits Natasha.
Natasha is heavily wounded.
Natasha drinks a potion.
Natasha is healed!
The zap hits Natasha.
Natasha is moderately wounded.
Natasha wildly gestures.
You feel disoriented. Natasha misses you.
The zap hits Natasha.
Natasha is heavily wounded.
Natasha closely misses you.
You hit Natasha.
Natasha is heavily wounded.
Natasha claws you.
You hit Natasha but do no damage.
Natasha is heavily wounded.
Natasha claws you.
The zap hits Natasha.
Natasha is severely wounded.
Natasha drinks a potion.
Natasha is healed!
You closely miss Natasha. Natasha misses you.
You hit Natasha.
Natasha is lightly wounded.
Natasha claws you but does no damage.
You closely miss Natasha.
Natasha is lightly wounded.
Natasha mumbles some strange words.
You feel disoriented. Natasha claws you.
Natasha stares at you and mumbles some strange words.
You resist with some effort. Natasha casts a spell at you.
You resist with some effort. Natasha casts a spell at you.
The magic dart hits you!
You die...

....#
#############.#.#
#.### #.....#.## #.#
#.###....#### #.#
#.# #)#.....# #รท#
########.###.#.#.###
#.#
###.....##.........#
#.#
#.)..##.#####.h..###
#w#
##....##.#####.####
#.# #......#.#..@..#
#.# #......#.#.#####
..# #....<.#.#.# ..#
#......#.#.# ..#
########.#.# #.#
###.#.# #.# #.....#
#)# ####### #.#


You could see Natasha.

Vanquished Creatures
  Natasha (D:2)
  A dart slug (D:1)
  6 ball pythons
  7 endoplasms
  A giant cockroach (D:1)
  3 goblins
  A hobgoblin (D:2)
  3 jackals (D:2)
  2 kobolds (D:2)
  A quokka (D:1)
  A bat (D:2)
  11 frilled lizards (D:1)
  3 rats
41 creatures vanquished.

Vanquished Creatures (others)
  A demonic plant (D:2)
1 creature vanquished.

Grand Total: 42 creatures vanquished

Notes
Turn   | Place    | Note
-------+----------+-------------------------------------------
     0 | D:1      | nickcage the Deep Elf Air Elementalist began the quest for
                  | the Orb.
     0 | D:1      | Reached XP level 1. HP: 10/10 MP: 6/6
   139 | D:1      | Reached XP level 2. HP: 10/15 MP: 1/8
   370 | D:1      | Learned a level 2 spell: Static Discharge
   504 | D:1      | Reached skill level 4 in Air Magic
   925 | D:1      | Reached XP level 3. HP: 19/19 MP: 7/9
  1257 | D:2      | Noticed Natasha
  1264 | D:2      | Killed Natasha
  1273 | D:2      | Reached XP level 4. HP: 16/24 MP: 0/10
  1351 | D:2      | Noticed Natasha
  1370 | D:2      | Killed from afar by Natasha

Illustrated notes

Levels and vault maps discovered:
D:1:      dpeg_arrival_renting, layout_rooms, chequers_serial_rivers_room_b,
          minivault_23, minmay_misc_feat_four_crosses, minmay_lizard_pond
D:2:      layout_basic, shapermc_ecumenical_altar_gd, uniq_crazy_yiuf_cottage,
          uniq_natasha

Skill      XL: |  1  2 |
---------------+-------+-----
Air Magic      | 4 |  4.9
Dodging        | |  2.4
Stealth        | |  2.4
Spellcasting   | |  3.0
Conjurations   | |  1.1

Action                   |  1- 3 |  4- 6 || total
-------------------------+-------+-------++-------
Melee: Dagger            |     6 |     5 ||    11
 Cast: Shock             |    65 |    11 ||    76
Armor: Robe              |     6 |     1 ||     7
Dodge: Dodged            |    10 |     3 ||    13
